 Seeded DCSS version 0.31-a0-1589-g8f5e8aebd6 (webtiles) character file.

Game seed: 16090307882996012164 (custom seed)

42 thriggle the Grave Robber (level 3, -4/25 HPs)
             Began as a Mummy Necromancer on Jan 5, 2024.
             Slain by a ribbon worm (6 damage)
             ... on level 2 of the Dungeon.
             The game lasted 00:04:43 (529 turns).

thriggle the Grave Robber (Mummy Necromancer)        Turns: 529, Time: 00:04:44

Health: -4/25      AC:  2    Str: 11    XL:     3   Next: 33%
Magic:  1/7        EV: 12    Int: 16    God:
Gold:   74         SH:  0    Dex: 12    Spells: 4/8 levels left

rFire   x . .        f - +0 trident
rCold   + . .        (no shield)
rNeg    + + +        a - +0 robe
rPois   ∞            (no helmet)
rElec   .            (no cloak)
rCorr   .            (no gloves)
SInv    .            (no boots)
Will    .....        (no amulet)
Stlth   ++           (no ring)
HPRegen 0.24/turn    (no ring)
MPRegen 0.10/turn

%: faith
@: no status effects
A: cold resistance 1, negative energy resistance 3, torment resistance 2, heat
vulnerability 1, in touch with death 1, no potions, faith
a: no special abilities


You were on level 2 of the Dungeon.
You visited 1 branch of the dungeon, and saw 2 of its levels.

You collected 74 gold pieces.

Inventory:

Hand Weapons
 d - a +0 short sword
 f - a +0 trident (weapon)
Missiles
 b - 4 atropa-tipped darts (quivered)
 e - 8 stones
Armour
 a - a +0 robe (worn)
Scrolls
 c - 6 scrolls of identify {unknown}


   Skills:
 + Level 0.8 Fighting
 + Level 0.6 Throwing
 + Level 2.0 Dodging
 + Level 1.9 Stealth
 + Level 3.2 Spellcasting
 + Level 4.2 Necromancy


You had 4 spell levels left.
You knew the following spells:

 Your Spells              Type           Power      Damage    Failure   Level
a - Necrotise             Necr           96%        1d8       3%          1
b - Vampiric Draining     Necr           24%        2d7       10%         3

Your spell library contained the following spells:

 Spells                   Type           Power      Damage    Failure   Level
 Animate Dead             Necr           24%        N/A       32%         4
 Curse of Agony           Necr           24%        N/A       65%         5


Dungeon Overview and Level Annotations

Branches:
Dungeon (2/15)

Altars:


Innate Abilities, Weirdness & Mutations

You are immune to poison.
Your flesh is cold resistant. (rC+)
You are immune to negative energy. (rN+++)
You are immune to unholy pain and torment.
You are vulnerable to heat. (rF-)
You are in touch with the powers of death.
You do not drink.
You have a special connection with the divine. (Faith)


Message History

You feel a surge of power!
The adder writhes in agony!
You kill the adder!
The dead are slithering!
The adder misses you.
The ribbon worm expels a string of sticky webbing.
The stream of webbing hits you but does no damage.
You are caught in a web!
The adder bites you.
Your Dodging skill increases to level 2!
The adder barely misses you. The ribbon worm closely misses you.
You hit the ribbon worm but do no damage.
The ribbon worm is heavily wounded.
The adder closely misses you.
Your adder skeleton barely misses the ribbon worm.
The ribbon worm expels a string of sticky webbing.
The stream of webbing misses you. The adder misses you.
You hit the ribbon worm.
The ribbon worm is severely wounded.
Your adder skeleton bites the ribbon worm but does no damage.
The adder misses you.
The ribbon worm barely misses your adder skeleton.
Your adder skeleton bites the ribbon worm.
You barely miss the ribbon worm.
The ribbon worm is severely wounded.
The adder closely misses you. The ribbon worm bites you!
* * * LOW HITPOINT WARNING * * *
The adder bites you.
* * * LOW HITPOINT WARNING * * *
Your adder skeleton barely misses the ribbon worm.
Casting: Necrotise (safe; 3% risk of failure)
Confirm with . or Enter, or press ? or * to list all spells.
You don't have enough magic to cast this spell.
Casting: Necrotise (safe; 3% risk of failure)
Confirm with . or Enter, or press ? or * to list all spells.
Aiming: Necrotise (safe; 3% risk of failure)
Press: ? - help, Shift-Dir - straight line, f - adder
Aim: an adder (chance to affect: 88%)
You feel a surge of power!
The adder writhes in agony.
The adder barely misses you.
Your adder skeleton barely misses the ribbon worm.
The ribbon worm bites you.
You die...

####.####
#.......#
#.⌠...⌠.#
#.......#
#b⌠...⌠.#
#.......#
#.⌠.S.Z.#
#...@w..#
#########


You could see a ribbon worm (ally target), an adder, a bat (asleep) and a
friendly adder skeleton.

Vanquished Creatures
  An adder (D:2)
  2 ball pythons (D:1)
  2 endoplasms (D:1)
  A giant cockroach (D:1)
  3 hobgoblins (D:1)
  5 jackals (D:1)
  A quokka (D:1)
  3 bats (D:1)
  2 goblins (D:1)
  2 kobolds (D:1)
  A rat (D:1)
23 creatures vanquished.

Vanquished Creatures (collateral kills)
  An endoplasm (D:1)
  A jackal (D:1)
  2 ball pythons (D:1)
  2 frilled lizards (D:1)
6 creatures vanquished.

Grand Total: 29 creatures vanquished

Notes
Turn   | Place    | Note
-------+----------+-------------------------------------------
     0 | D:1      | thriggle the Mummy Necromancer began the quest for the Orb.
     0 | D:1      | Reached XP level 1. HP: 13/13 MP: 4/4
   143 | D:1      | Reached XP level 2. HP: 19/19 MP: 2/5
   359 | D:1      | Reached XP level 3. HP: 25/25 MP: 4/7
   364 | D:1      | Learned a level 3 spell: Vampiric Draining
   529 | D:2      | Slain by a ribbon worm

Illustrated notes

Levels and vault maps discovered:
D:1:      minmay_arrival_arboretum_small, layout_rooms
D:2:      wander_river, layout_basic, shapermc_ecumenical_altar_mp_highgroup,
          serial_shops, nicolae_shop_gaudy_bauble, basic_altar,
          grunt_ministairs_3

Skill      XL: |  1  2  3 |
---------------+----------+-----
Spellcasting   | 3 |  3.2
Dodging        | 2 |  2.0
Fighting       | |  0.8
Throwing       | |  0.6
Stealth        | |  1.9
Necromancy     | |  4.2

Action                     || total
---------------------------++-------
  Melee: Short sword       ||    17
         Trident           ||    13
  Throw: Dart              ||     2
   Cast: Necrotise         ||    34
 Armour: Robe              ||    42
  Dodge: Dodged            ||    46

Table legend: (Time is in decaauts)
 A = Elapsed time spent in this place.
 B = Non-inter-level travel time spent in this place.
 C = Inter-level travel time spent in this place.
 D = Time resting spent in this place.
 E = Time spent auto-exploring this place.
 F = Levels seen in this place.
 G = Mean time per level.
                   A        B        C        D        E       F      G
               +--------+--------+--------+--------+--------+-----+--------+
         Total |    531 |    525 |      6 |     47 |    113 |   2 |  265.5 |
       Dungeon |    531 |    525 |      6 |     47 |    113 |   2 |  265.5 |
               +--------+--------+--------+--------+--------+-----+--------+

Top non-repeatable levels by time:
     D:1: 519 daAuts
     D:2: 12 daAuts
